 Dungeon Crawl Stone Soup version 0.29.1-12-g30fa7ad0bf (webtiles) character file.

Game seed: 9376866637123564723

11 RapScallion the Trooper (level 2, -1/25 (27) HPs)
             Began as a Hill Orc Fighter on Jan 11, 2023.
             Slain by a gnoll
             ... wielding a +0 whip
              (5 damage)
             ... on level 1 of the Dungeon.
             The game lasted 00:05:47 (213 turns).

RapScallion the Trooper (Hill Orc Fighter)           Turns: 213, Time: 00:05:47

HP:   -1/25 (27)    AC:  4    Str: 18    XL:     2   Next: 25%
MP:   2/2           EV: 10    Int:  8    God:
Gold: 7             SH:  4    Dex: 10    Spells: 1/1 levels left

rFire   . . .      SeeInvis .   a - +0 war axe
rCold   + . .      Faith    .   c - +0 buckler
rNeg    . . .      Spirit   .   f - +1 leather armour {rC+}
rPois   +          Reflect  .   (no helmet)
rElec   .          Harm     .   (no cloak)
rCorr   .          Rampage  .   (no gloves)
Will    .....                   (no boots)
Stlth   +.........              (no amulet)
HPRegen 0.08/turn               k - ring of poison resistance
MPRegen 0.08/turn               (no ring)

@: drained
A: no striking features
a: no special abilities


You were on level 1 of the Dungeon.
You visited 1 branch of the dungeon, and saw 1 of its levels.

You collected 7 gold pieces.

Inventory:

Hand Weapons
 a - a +0 war axe (weapon)
 e - a +0 spear
 g - a +0 whip
Missiles
 b - 5 stones (quivered)
 j - 4 poisoned darts
Armour
 c - a +0 buckler (worn)
 f - a +1 leather armour of cold resistance (worn)
Jewellery
 k - a ring of poison resistance (left hand)
Scrolls
 h - a scroll of amnesia {unknown}
Potions
 d - a potion of might
 i - 2 potions of brilliance {unknown}


   Skills:
 + Level 3.8 Fighting
 + Level 2.9 Axes
 + Level 3.5 Armour
 + Level 3.5 Shields


You had one spell level left.
You didn't know any spells.
Your spell library was empty.

Dungeon Overview and Level Annotations

Branches:
Dungeon (1/15)

Altars:


Message History

You hit the rat but do no damage.
An endoplasm comes into view.
The gnoll hits you with a +0 whip! You block the rat's attack.
The endoplasm quivers.
You hit the gnoll.
The gnoll is heavily wounded.
You hit the rat but do no damage. The gnoll hits you with a +0 whip.
The rat bites you but does no damage. The rat attacks as you move away!
You block the rat's attack. The goblin attacks as you move away!
The goblin hits you with a +2 dagger of draining.
You feel drained.
The endoplasm jiggles.
The gnoll attacks as you move away! The gnoll barely misses you.
The goblin attacks as you move away! You block the goblin's attack.
The gnoll attacks as you move away! The gnoll barely misses you.
The gnoll attacks as you move away! The gnoll closely misses you.
The goblin attacks as you move away! You block the goblin's attack.
You hit the gnoll but do no damage.
The gnoll is heavily wounded.
The gnoll hits you with a +0 whip. The gnoll hits you but does no damage.
The goblin hits you but does no damage.
You feel drained.
You hit the gnoll.
The gnoll is almost dead.
You hit the endoplasm. You hit the goblin but do no damage.
The gnoll hits you with a +0 whip.
* * * LOW HITPOINT WARNING * * *
You block the goblin's attack. The endoplasm freezes you.
You are frozen.
You resist.
Unknown command.
The endoplasm freezes you.
You are frozen.
You resist. The endoplasm attacks as you move away!
The endoplasm barely misses you. The endoplasm attacks as you move away!
The endoplasm completely misses you. The endoplasm attacks as you move away!
The endoplasm closely misses you.
There are no items here.
The gnoll attacks as you move away! The gnoll closely misses you.
The gnoll attacks as you move away! The gnoll hits you with a +0 whip.
You die...

#####.........##...........
...............#............
#...........###.?........ #
#...........###......... ##
##.........#............ #≈
#.......r...........#.####♣
###†.###..J#J.........#.#..).
#####.........gg.......##.#.#.##♣
................@...##.........#≈
######.#..#.................#####
....#..#..#........###........###
............†......###.........##
....##....#..#.....##...........#
.............#..................#
....#..[....##...................
....#.......##.......>...........
....#.......##..........[.#......


You could see a gnoll, 2 endoplasms, a goblin and a rat.

Vanquished Creatures
  An endoplasm (D:1)
  A giant cockroach (D:1)
  A goblin (D:1)
  2 quokkas (D:1)
  2 bats (D:1)
  2 frilled lizards (D:1)
  A rat (D:1)
10 creatures vanquished.

Notes
Turn   | Place    | Note
-------+----------+-------------------------------------------
     0 | D:1      | RapScallion the Hill Orc Fighter began the quest for the
                  | Orb.
     0 | D:1      | Reached XP level 1. HP: 19/19 MP: 1/1
    92 | D:1      | Reached XP level 2. HP: 25/27 MP: 2/2
   213 | D:1      | Slain by a gnoll

Illustrated notes

Levels and vault maps discovered:
D:1:      saegor_arrival_simple_d, layout_rooms,
          shapermc_ecumenical_altar_mp_highgroup, nicolae_grassy_gnolls

Action                   || total
-------------------------++-------
Melee: War axe           ||    20
Armor: Leather armour    ||     5
Dodge: Dodged            ||    14
Block: Buckler           ||     8
